 Dungeon Crawl Stone Soup version 0.26-a0-50-gc4d14cd842 (webtiles) character file.

Game seed: 5509292688078702941

603 bmfx the Vandal (level 7, -1/54 HPs)
             Began as a Formicid Arcane Marksman on June 5, 2020.
             Was a Follower of Makhleb.
             Slain by a two-headed ogre
             ... wielding a +0 giant club
              (13 damage)
             ... on level 8 of the Dungeon.
             The game lasted 00:11:17 (2951 turns).

bmfx the Vandal (Formicid Arcane Marksman)          Turns: 2951, Time: 00:11:18

Health: -1/54      AC: 11    Str: 17    XL:     7   Next: 70%
Magic:  8/8        EV:  7    Int: 12    God:    Makhleb [*.....]
Gold:   171        SH:  0    Dex: 11    Spells: 7/8 levels left

rFire    . . .     SeeInvis +   w - +0 hunting sling
rCold    . . .     Gourm    .   (no shield)
rNeg     . . .     Faith    .   b - +0 chain mail
rPois    .         Spirit   .   (helmet unavailable)
rElec    .         Reflect  .   (no cloak)
rCorr    .         Harm     .   l - +2 pair of gloves
MR       .....                  (no boots)
Stlth    ..........             (no amulet)
HPRegen  0.18/turn              s - ring of wizardry
MPRegen  0.11/turn              (no ring)

@: stab, very slightly contaminated, invisible
A: permanent stasis, dig shafts and tunnels, four strong arms, antennae 3
a: Dig, Shaft Self, Renounce Religion


You were on level 8 of the Dungeon.
You worshipped Makhleb.
Makhleb was aware of your devotion.
You were near starving.

You visited 1 branch of the dungeon, and saw 6 of its levels.

You collected 171 gold pieces.


Innate Abilities, Weirdness & Mutations

You cannot be hasted, slowed, berserked, paralysed or teleported.
You can dig through walls and to a lower floor.
Your four strong arms can wield two-handed weapons with a shield.
You have a pair of large antennae on your head. (SInv)

Dungeon Overview and Level Annotations

Branches:
Dungeon (8/15)
 Temple: D:4-7         Lair: D:8-11

Altars:
Makhleb
Qazlal
Trog

Annotations:
D:3 exclusion: door


   Skills:
 - Level 4.0 Fighting
 * Level 7.8 Slings
 - Level 1.7 Dodging
 - Level 1.1 Spellcasting
 - Level 3.6 Hexes


You had 7 spell levels left.
You knew the following spells:

 Your Spells              Type           Power        Failure   Level  Hunger
A - Corona                Hex            #......      43%         1    ##.....

Your spell library contained the following spells:

 Spells                   Type           Power        Failure   Level  Hunger
 Slow                     Hex            #.......     56%         2    ###....
 Magic Dart               Conj           #...         89%         1    ##.....
 Inner Flame              Hex/Fire       #.......     95%         3    ####...
 Portal Projectile        Hex/Tloc       #.....       95%         3    ####...
 Call Imp                 Summ           #.......     96%         2    ###....
 Conjure Flame            Conj/Fire      #.......     99%         3    ####...
 Mephitic Cloud           Conj/Pois/Air  #.......     99%         3    ####...
 Cause Fear               Hex            #.........   99%         4    #####..
 Leda's Liquefaction      Hex/Erth       #.........   100%        4    #####..
 Blink                    Tloc           Unusable     N/A         2    N/A

Action                   |  1- 3 |  4- 6 |  7- 9 || total
-------------------------+-------+-------+-------++-------
 Fire: Hunting sling     |   135 |   167 |   120 ||   422
Throw: Dart              |       |     2 |     7 ||     9
 Abil: Dig               |       |     1 |     4 ||     5
       Shaft Self        |       |       |     1 ||     1
  Use: Scroll            |     3 |     3 |     1 ||     7
       Potion            |       |       |     4 ||     4
  Eat: Chunk             |     1 |     4 |     1 ||     6
Armor: Chain mail        |    74 |    33 |    34 ||   141
Dodge: Dodged            |    25 |    21 |    22 ||    68

Skill      XL: |  1  2  3  4  5  6  7 |
---------------+----------------------+-----
Slings         | 3 4 5 6 7 |  7.8
Fighting       | 2 3 4 |  4.0
Dodging        | |  1.7
Spellcasting   | |  1.1
Hexes          | |  3.6

Inventory:

Hand Weapons
 a - a +0 falchion of holy wrath
 h - a +2 antimagic short sword
 w - a +0 hunting sling (weapon)
Missiles
 d - 35 sling bullets (quivered)
 i - 71 stones
Armour
 b - a +0 chain mail (worn)
 l - a +2 pair of gloves (worn)
Jewellery
 s - a ring of wizardry (left hand)
Scrolls
 m - a scroll of magic mapping {unknown}
 n - a scroll of blinking {unknown}
 o - a scroll of remove curse {@r4}
 q - a scroll of teleportation {unknown}
Potions
 c - a potion of degeneration
 e - a potion of curing {@q2}
 r - a potion of heal wounds {unknown}
Comestibles
 f - 12 rations
 p - 4 chunks of flesh {@w1}

... #.# ##(#
####..#
##)#.#.#
#.#.##.#
##.###(#
##O##?# ##@#(#
###.# #.###
#######.#.{
##....{..#.#
........##o#
##.####..#<#.#
#..#...#
#.#....##


You could see a two-headed ogre.

Vanquished Creatures
  An orc warrior (D:8)
  2 eyes of draining (D:3)
  A scorpion (D:7)
  A howler monkey (D:8)
  A crimson imp (D:7)
  A centaur zombie (D:7)
  A worker ant (D:3)
  A hound skeleton (D:7)
  6 adders
  An adder skeleton (D:3)
  A worm (D:3)
  2 dart slugs
  2 leopard geckos
  8 orcs
  2 giant cockroaches
  8 goblins
  9 hobgoblins
  3 jackals
  2 quokkas
  6 bats
  2 frilled lizards
  8 kobolds
  3 rats
72 creatures vanquished.

Levels and vault maps discovered:
D:1:      lightli_arrival_quake, layout_basic, serial_park_tiny_1, st_stairs_6
D:2:      layout_loops_ring, bloody_makhleb, first_ration, supply_closet_lemuel,
          grunt_ministairs_14
D:3:      cheibrodos_greedy_goblins, layout_rooms, trog_eyes_of_draining
D:4:      layout_loops_ring, nicolae_qazlal_eye_of_the_storm,
          minmay_temple_entry_trees, serial_co_window_serial, co_window_paths_b,
          co_window_paths_a, co_window_corner_a, co_window_corner_a,
          co_window_paths_a, co_window_cross_4, co_window_2corner,
          co_window_cross_2, co_window_4corner_a, co_window_paths_d,
          glass_columns_c, glass_columns_a, glass_columns_c, glass_columns_b,
          glass_columns_b
D:7:      layout_loops_cross, hangedman_decor_clover_reticule, grunt_ogre_cave
D:8:      layout_loops_ring, david_lair_shrubbed,
          nicolae_dithmenos_shadow_blocks


Message History

Firing (i - inventory. (/) - cycle)
d - 36 sling bullets (quivered)
Press: ? - help, Shift-Dir - straight line, f/p - howler monkey
Aim: a howler monkey (moderately wounded)
You shoot a sling bullet.
The sling bullet hits the howler monkey!
You kill the howler monkey!
Makhleb accepts your kill.
You dig through the rock wall.
You are near starving!
You hear two shouts!
You dig through the rock wall.
You dig through the rock wall.
The two-headed ogre hits you with a +0 giant club!
* * * LOW HITPOINT WARNING * * *
The two-headed ogre hits you but does no damage.
You feel better.
Are you sure you want to shaft yourself?
You feel somewhat more hungry.
The two-headed ogre hits you with a +0 giant club!
You die...

Notes
Turn   | Place    | Note
-------+----------+-------------------------------------------
     0 | D:1      | bmfx the Formicid Arcane Marksman began the quest for the
                  | Orb.
     0 | D:1      | Reached XP level 1. HP: 15/15 MP: 2/2
   239 | D:1      | Reached XP level 2. HP: 19/21 MP: 3/3
   487 | D:1      | Reached skill level 3 in Slings
   684 | D:1      | Reached XP level 3. HP: 25/27 MP: 4/4
  1065 | D:2      | You fall into a shaft and drop 2 floors!
  1134 | D:3      | Reached XP level 4. HP: 34/34 MP: 5/5
  1156 | D:3      | Reached skill level 4 in Slings
  1292 | D:2      | Found a burning altar of Makhleb.
  1304 | D:2      | Became a worshipper of Makhleb the Destroyer
  1802 | D:3      | Reached XP level 5. HP: 38/39 MP: 6/6
  2027 | D:3      | Found a bloodstained altar of Trog.
  2027 | D:3      | Noticed an eye of draining
  2058 | D:3      | Killed an eye of draining
  2058 | D:3      | Reached skill level 5 in Slings
  2058 | D:3      | Reached XP level 6. HP: 47/47 MP: 0/7
  2066 | D:3      | Noticed an eye of draining
  2083 | D:3      | Killed an eye of draining
  2266 | D:4      | Reached skill level 6 in Slings
  2455 | D:4      | Found a stormy altar of Qazlal.
  2471 | D:4      | You fall into a shaft and drop 3 floors!
  2538 | D:7      | Reached XP level 7. HP: 50/54 MP: 8/8
  2625 | D:7      | Reached * piety under Makhleb
  2778 | D:7      | Reached skill level 7 in Slings
  2927 | D:8      | Noticed a two-headed ogre
  2949 | D:8      | HP: 2/54 [two-headed ogre/+0 giant club (15)]
  2951 | D:8      | Slain by a two-headed ogre
